[Event "*** Titled Tuesday Blitz"]
[Site "Chess.com"]
[Date "2020.12.01"]
[Round "7"]
[White "sopo-tereladze"]
[Black "googlegoom"]
[Result "1-0"]
[WhiteElo "2317"]
[BlackElo "2449"]
[TimeControl "180+1"]
[EndTime "11:16:14 PST"]
[Termination "sopo-tereladze won by resignation"]

1. d4 d5 2. Nf3 Nf6 3. Bf4 e6 4. e3 Bd6 5. Ne5 c5 6. c3 Qc7 7. Nd2 O-O 8. Bd3 Nc6 9. Ndf3 Nd7 10. Bxh7+ Kxh7 11. Ng5+ Kg8 12. Nxd7 Bxf4 13. Nxf8 Bxg5 14. Qh5 Bh6 15. g4 Kxf8 16. g5 Bxg5 17. Qxg5 cxd4 18.
exd4 Qe7 19. Qh5 Qf6 20. O-O-O Ke7 21. Rhe1 Kd6 22. f3 Bd7 23. Re3 Qf4 24. Re1 g6 25. Qh7 Na5 26. Kb1 Nc4 27. R3e2 Rc8 28. h4 Nd2+ 29.
Ka1 Nxf3 30. Rf1 Qg4 31. Qxf7 Nxh4 32. Ref2 Nf5 33. Qf6 Rg8 34. Qe5+ Ke7 35. Re1 Kd8 36. Qb8+ Bc8 37. a4 Qg5 38. Rfe2 Qe7 39. Rxe6 Qxe6 40. Rxe6 Ne7 41. Qd6+ 1-0

[Event "*** Titled Tuesday Blitz"]
[Site "Chess.com"]
[Date "2020.12.01"]
[Round "7"]
[White "Eloist"]
[Black "ehrenfeld"]
[Result "1-0"]
[WhiteElo "2312"]
[BlackElo "2476"]
[TimeControl "180+1"]
[EndTime "11:16:14 PST"]
[Termination "Eloist won on time"]

1. e4 d6 2. d4 g6 3. Nc3 Bg7 4. Nf3 Nf6 5. Be2 O-O 6. O-O e6 7. Re1 Nc6 8. Be3 b6 9. Qd2 Bb7 10.
Rad1 Ne7 11. Bd3 a6 12. Bh6 c5 13. Bxg7 Kxg7 14. e5 Ne8 15. Be4 Bxe4 16. Nxe4 d5 17. dxc5 Nc6 18. Qf4 Qe7 19. Nd6 bxc5 20. c4 d4 21. Ne4 f5 22. exf6+ Nxf6 23. Nxf6 Rxf6 24. Qe4 Qc7 25. Ng5 Re8 26. Qh4 h6 27. Ne4 Rf4 28. Qg3 Ref8 29. Nxc5 Kh7 30. Nxe6 Qd6 31. Nxf4 Rxf4 32.
Re4 g5 33. Rxf4 gxf4 34. Qd3+ Kg7 35. Qe4 a5 36. Re1 d3 37. Rd1 d2 38. Qe2 Nd4 39.
Qxd2 1-0

[Event "*** Titled Tuesday Blitz"]
[Site "Chess.com"]
[Date "2020.12.01"]
[Round "7"]
[White "2nd_life"]
[Black "Faqade"]
[Result "1-0"]
[WhiteElo "2563"]
[BlackElo "2682"]
[TimeControl "180+1"]
[EndTime "11:16:16 PST"]
[Termination "2nd_life won by resignation"]

1. e4 c5 2. Nf3 e6 3. c3 Nf6 4. e5 Nd5 5. d4 cxd4 6. cxd4 d6 7. Bc4 Be7 8. O-O O-O 9. Qe2 b6 10. Re1 Bb7 11. Bxd5 Bxd5 12. Nc3 dxe5 13. Nxd5 Qxd5 14.
dxe5 Nd7 15. Bg5 Bxg5 16. Red1 h6 17. Rxd5 exd5 18. e6 fxe6 19. Qxe6+ Rf7 20. Qxd5 Rf8 21. Re1 Bf6 22. h4 Kh8 23. b3 Bc3 24. Re8 Rxe8 25. Qxf7 Rd8 26. h5 Bf6 27. g4 a5 28. Kg2 Ne5 29. Nxe5 Bxe5 30. Qe6 Bd4 31. f4 b5 32. g5 hxg5 33. fxg5 a4 34. h6 a3 35. Kf3 b4 36.
Kg4 Bc3 37. Kh5 Rg8 38. hxg7+ Bxg7 39. Qe7 Bc3 40. g6 Bg7 41. Qxb4 Ra8 42. Kg5 Kg8 43. Qc4+ Kh8 44. b4 Re8 45. b5 Re5+ 46. Kf4 Re8 47. b6 Rf8+ 48. Kg5 Bf6+ 49. Kh5 Rd8 50. b7 1-0

[Event "*** Titled Tuesday Blitz"]
[Site "Chess.com"]
[Date "2020.12.01"]
[Round "7"]
[White "AlexTriapishko"]
[Black "GM_dmitrij"]
[Result "0-1"]
[WhiteElo "2801"]
[BlackElo "2958"]
[TimeControl "180+1"]
[EndTime "11:16:17 PST"]
[Termination "GM_dmitrij won on time"]

1. d4 Nf6 2. Bg5 Ne4 3. Bf4 c5 4. f3 Qa5+ 5. c3 Nf6 6. d5 Qb6 7. Bc1 e6 8. e4 exd5 9. exd5 d6 10. c4 g6 11. Bd3 Bg7 12. Ne2 Nbd7 13. O-O Ne5 14. Nbc3 O-O 15. Ng3 Nxd3 16. Qxd3 Re8 17. b3 h5 18. h4 a6 19. Bf4 Qd8 20. Bg5 Qc7 21. Rae1 Bd7 22. Nce4 Nxe4 23. fxe4 Bg4 24. Bf6 Bxf6 25. Rxf6 Re5 26. Ref1 Rf8 27. Qd2 Kg7 28. Qf4 b5 29. Kh2 Qe7 30. a4 bxc4 31. bxc4 a5 32. Qd2 Qd8 33. Qc3 Kg8 34. Qb2 Bd7 35.
Qb3 Be8 36. Kg1 Kg7 37. Qf3 Qe7 38. Qc3 Bxa4 39. Qxa5 Bd7 40. Qc3 Bg4 0-1

[Event "*** Titled Tuesday Blitz"]
[Site "Chess.com"]
[Date "2020.12.01"]
[Round "7"]
[White "Witik"]
[Black "Beca95"]
[Result "0-1"]
[WhiteElo "2612"]
[BlackElo "2893"]
[TimeControl "180+1"]
[EndTime "11:16:18 PST"]
[Termination "Beca95 won on time"]

1. d4 Nf6 2. Bf4 d6 3. Nf3 Nbd7 4. e3 h6 5. h3 g5 6. Bh2 c5 7. Nbd2 Rg8 8. c3 h5 9. Bc4 g4 10. hxg4 hxg4 11. Nh4 d5 12. Be2 e6 13. Qa4 a6 14.
O-O-O c4 15. e4 b5 16. Qc2 b4 17. cxb4 Bxb4 18. exd5 Nxd5 19. Bg3 N7f6 20. Nxc4 Bb7 21. Kb1 Kf8 22. Be5 a5 23. f3 g3 24. Rh3 a4 25. Qc1 a3 26. Qh6+ Ke8 27. Rxg3 Rxg3 28. Bxg3 axb2 29. Rd3 Ba6 30. Rb3 Bxc4 31. Bxc4 Qa5 32. Rxb2 Nc3+ 33. Kc2 Qa4+ 34. Bb3 Qc6 35. Kd3 Ncd5 36. Be5 Qb5+ 37. Kc2 Rc8+ 38. Kb1 Qf1+ 0-1

[Event "*** Titled Tuesday Blitz"]
[Site "Chess.com"]
[Date "2020.12.01"]
[Round "7"]
[White "Arseniy_Nesterov"]
[Black "Volodar_Murzin"]
[Result "1-0"]
[WhiteElo "2839"]
[BlackElo "2594"]
[TimeControl "180+1"]
[EndTime "11:16:19 PST"]
[Termination "Arseniy_Nesterov won by resignation"]

1. d4 Nf6 2. c4 g6 3. Nc3 Bg7 4. e4 O-O 5. Be2 d6 6. Be3 e5 7.
d5 a5 8. g4 Na6 9. h4 Nc5 10. f3 h5 11. g5 Nh7 12. Qd2 f6 13. gxf6 Bxf6 14. O-O-O Bxh4 15. Nh3 Bxh3 16. Rxh3 Rf4 17.
Bxf4 exf4 18. Rg1 Bg5 19. Rh2 Nd7 20. Rhg2 Ne5 21. Nb5 Kh8 22. Kb1 Qe7 23. Nd4 Rg8 24. Ne6 Bh6 25. Qxa5 c6 26. c5 cxd5 27. exd5 Nf6 28. cxd6 Qxd6 29. Rd1 g5 30. Nd4 Qd7 31. d6 Qh7+ 32. Ka1 Nfd7 33. Bb5 h4 34. Bxd7 Nxd7 35.
Nf5 Bf8 36. Qc3+ Bg7 37. Nxg7 Qxg7 38. Rxg5 Qxc3 39. Rxg8+ Kxg8 40. bxc3 Kf7 41. Rh1 Ke6 42. Rxh4 Kxd6 43. Rxf4 Nc5 44. Rd4+ Ke5 45. Kb2 b6 46.
Kc2 Kf5 47. Rb4 Nd7 48. a4 1-0

[Event "*** Titled Tuesday Blitz"]
[Site "Chess.com"]
[Date "2020.12.01"]
[Round "7"]
[White "Sviridov_Valery"]
[Black "igorkovalenko"]
[Result "1-0"]
[WhiteElo "2924"]
[BlackElo "2786"]
[TimeControl "180+1"]
[EndTime "11:16:20 PST"]
[Termination "Sviridov_Valery won by resignation"]

1. d4 Nf6 2. Nf3 d5 3. e3 e6 4. Bd3 b6 5. O-O Bb7 6. Nbd2 Nbd7 7. Qe2 Ne4 8. c4 Bd6 9. b3 f5 10. Bb2 Qf6 11. Rac1 Qh6 12. cxd5 exd5 13. Ne5 Rd8 14. f3 Nxd2 15. Qxd2 O-O 16. f4 Qe6 17. b4 Nf6 18. b5 Bc8 19. Bc3 Bd7 20. Bb4 Be8 21. Rc2 Ne4 22. Bxe4 fxe4 23. a4 g5 24. fxg5 Rxf1+ 25. Kxf1 Bh5 26. Bxd6 cxd6 27. Nc6 Rf8+ 28. Kg1 Kg7 29.
Qe1 Qg4 30. Rf2 Rxf2 31. Qxf2 Qxg5 32. h3 Bd1 33. Nxa7 Bxa4 34. Nc8 Bxb5 35. Nxd6 Bc4 36. Ne8+ Kg8 37. Nf6+ Kg7 38. Nd7 Qe7 39. Qg3+ Kh8 40.
Nxb6 Bb3 41. Nc8 Qf6 42. Nd6 h6 43. Kh2 Kh7 44. Qg4 Ba4 45. Qf5+ Qxf5 46. Nxf5 Bd7 47. g4 Bxf5 48. gxf5 Kg7 49. Kg3 Kf6 50. Kf4 h5 51.
h4 Kf7 52. Kg5 1-0

[Event "*** Titled Tuesday Blitz"]
[Site "Chess.com"]
[Date "2020.12.01"]
[Round "7"]
[White "1977Ivan"]
[Black "Rytenko_V"]
[Result "1-0"]
[WhiteElo "2678"]
[BlackElo "2530"]
[TimeControl "180+1"]
[EndTime "11:16:20 PST"]
[Termination "1977Ivan won on time"]

1. d4 Nf6 2. Nf3 c6 3. Nbd2 g6 4. e4 d6 5. Bd3 Bg7 6. O-O O-O 7. a4 a5 8. Re1 Na6 9. c3 Nd7 10. Nc4 Nc7 11. Bg5 Ne6 12. Bh4 h6 13. Bc2 d5 14.
exd5 cxd5 15. Nce5 Nxe5 16. Nxe5 g5 17. Bg3 f5 18. Qd3 b6 19. f3 Ba6 20. Qd2 f4 21.
Bf2 Qd6 22. Bb1 Rf6 23. Qc2 Nf8 24. Ng4 Re6 25. Ba2 Bc8 26. Ne5 Rf6 27. h4 Bf5 28.
Qe2 e6 29. c4 dxc4 30. Bxc4 Rd8 31. Rac1 Ng6 32. hxg5 hxg5 33. Ba2 Qb4 34. Nc6 Qxa4 35. b3 Qa3 36. Nxd8 g4 37. Rc8 Kh7 38. fxg4 f3 39.
Qxf3 Qxa2 40. gxf5 Rxf5 41. Qh3+ Bh6 42. Rc7+ Kg8 43.
Rf1 Qd2 44. Nf7 1-0

[Event "*** Titled Tuesday Blitz"]
[Site "Chess.com"]
[Date "2020.12.01"]
[Round "7"]
[White "StockholmMissile"]
[Black "Fh2411"]
[Result "0-1"]
[WhiteElo "2375"]
[BlackElo "2549"]
[TimeControl "180+1"]
[EndTime "11:16:20 PST"]
[Termination "Fh2411 won by resignation"]

1. d4 d5 2. c4 c6 3. Nf3 Nf6 4.
Nc3 dxc4 5. e4 b5 6. Be2 e6 7. O-O Bb7 8. e5 Nd5 9. Ne4 Nd7 10. Bd2 c5 11. a4 a6 12. axb5 axb5 13. b3 Be7 14.
bxc4 bxc4 15. Bxc4 O-O 16. Qe2 cxd4 17. Rab1 Bc6 18. Nxd4 Nxe5 19. Ng3 Bf6 20. Nh5 Ba4 21. Bxd5 exd5 22. Nf5 Kh8 23. Bc3 d4 24. Bxd4 Bd7 25.
Bxe5 Bxf5 26. Bxf6 gxf6 27. Rb3 Bg6 28. Nf4 Qd4 29. g3 Kg7 30. Re3 Rad8 31. Qf3 Qd6 32. Rfe1 Rd7 33. Nh5+ Bxh5 34. Qxh5 Qd5 35. Qg4+ Kh8 36.
Re4 f5 37. Qg5 fxe4 38. Qf6+ Kg8 39. Rxe4 Qxe4 0-1

[Event "*** Titled Tuesday Blitz"]
[Site "Chess.com"]
[Date "2020.12.01"]
[Round "7"]
[White "LastHeroJr"]
[Black "Tsyhanchuk_Stanislav"]
[Result "1-0"]
[WhiteElo "2378"]
[BlackElo "2226"]
[TimeControl "180+1"]
[EndTime "11:16:21 PST"]
[Termination "LastHeroJr won by checkmate"]

1. e4 c6 2. Nf3 d5 3. d3 dxe4 4. dxe4 Qxd1+ 5. Kxd1 Bg4 6. Be2 g6 7. Nfd2 Bxe2+ 8. Kxe2 Bg7 9. Nc4 Na6 10. c3 O-O-O 11. Bf4 Nf6 12. f3 Nc5 13. Be3 Nfd7 14. a4 b6 15. Nbd2 Kb7 16. a5 Ne6 17. Ra3 Ne5 18.
axb6 axb6 19. Nxb6 Nc7 20. c4 e6 21. Rha1 c5 22.
Bxc5 Kc6 23. Be3 Rb8 24. b4 Rhd8 25. b5+ Kd6 26. c5+ Ke7 27. Ra7 Ke8 28. Rxc7 Nd7 29. Nxd7 Rxd7 30. Rxd7 Bxa1 31. Ra7 Be5 32. b6 Rc8 33. b7 Rc7 34. b8=Q+ Ke7 35. Rxc7+ Bxc7 36. Qxc7+ Kf6 37. c6 Kg7 38. Bd4+ Kh6 39. Qf4+ Kh5 40. Bf6 g5 41. Qxg5# 1-0

[Event "*** Titled Tuesday Blitz"]
[Site "Chess.com"]
[Date "2020.12.01"]
[Round "7"]
[White "vovachesss"]
[Black "hansen"]
[Result "1/2-1/2"]
[WhiteElo "2624"]
[BlackElo "2897"]
[TimeControl "180+1"]
[EndTime "11:16:22 PST"]
[Termination "Game drawn by repetition"]

1. d4 Nf6 2. Nc3 d5 3. Bf4 a6 4. Nf3 c5 5. e3 Nc6 6. dxc5 Bg4 7. Be2 e6 8. Na4 Bxc5 9. Nxc5 Qa5+ 10. c3 Qxc5 11.
O-O O-O 12. h3 Bh5 13. Rc1 Rfd8 14. Ne5 Bxe2 15. Qxe2 Ne4 16. Rfd1 Rac8 17. Qh5 Nxe5 18. Bxe5 f6 19. Bh2 Qc4 20. f3 Ng5 21. b3 Qe2 22. Qg4 Rxc3 23. Bf4 Rxc1 24. Rxc1 Qb2 25. Rc7 Qb1+ 26.
Kh2 Qg6 27. Bxg5 fxg5 28. Rxb7 e5 29. Rd7 Rf8 30. Rxd5 Qf6 31. Qe4 Re8 32. Rc5 h5 33. Rc6 Qf7 34. Rxa6 g4 35. fxg4 hxg4 36. Qxg4 e4 37. Rd6 Qc7 38. Qg3 Rf8 39. Rg6 Qe7 40. Rg4 Rf5 41. Qb8+ Kf7 42. Qa8 Qd6+ 43. Kg1 Qd1+ 44.
Kh2 Qd6+ 45. Kg1 Qd1+ 46. Kh2 Qd6+ 1/2-1/2

[Event "*** Titled Tuesday Blitz"]
[Site "Chess.com"]
[Date "2020.12.01"]
[Round "7"]
[White "AvitalBor"]
[Black "nochewycandy"]
[Result "1-0"]
[WhiteElo "2687"]
[BlackElo "2539"]
[TimeControl "180+1"]
[EndTime "11:16:22 PST"]
[Termination "AvitalBor won by resignation"]

1. d4 g6 2. e4 Bg7 3. c3 d6 4. Bd3 Nf6 5. Nf3 O-O 6. O-O Nc6 7. Re1 e5 8. h3 h6 9. Na3 a6 10. Nc2 Nd7 11. Be3 f5 12. exf5 gxf5 13. dxe5 dxe5 14. Nb4 Nxb4 15. cxb4 e4 16. Bc4+ Kh7 17. Nd4 Ne5 18. Be6 Qf6 19. Bxc8 Raxc8 20. f3 f4 21. Bxf4 Qxf4 22.
Rxe4 Qf7 23. Qc2 Kg8 24. Rae1 Rcd8 25. Kh1 Rfe8 26. f4 Ng6 27. Ne6 Rd6 28. f5 Nf8 29.
Qc4 Nxe6 30. fxe6 Qe7 31. Rg4 Rxe6 32. Rg6 Kf7 33. Rgxe6 Qxe6 34. Rxe6 Rxe6 35. Qxc7+ Re7 36. Qc4+ Kf8 37. Qc8+ Kf7 38. Qf5+ Kg8 39. Qd5+ Kf8 40. g3 Bxb2 41. Kg2 Bf6 42. h4 Kg7 43. Kh3 Re5 44. Qxb7+ Re7 45. Qxa6 Re1 46. b5 h5 47. b6 Rh1+ 48. Kg2 Rb1 49. Qa7+ Kg6 50. b7 Rb2+ 51. Kf3 Bd4 52. Qxd4 Rxb7 53. Qe4+ 1-0

[Event "*** Titled Tuesday Blitz"]
[Site "Chess.com"]
[Date "2020.12.01"]
[Round "7"]
[White "suyu28"]
[Black "vladgoncharov"]
[Result "1-0"]
[WhiteElo "2657"]
[BlackElo "2475"]
[TimeControl "180+1"]
[EndTime "11:16:22 PST"]
[Termination "suyu28 won on time"]

1. c4 Nf6 2. Nc3 g6 3. g3 d6 4. Bg2 Bg7 5. d4 O-O 6. Nf3 c5 7. dxc5 dxc5 8. Be3 Qa5 9. Qa4 Nc6 10. Nd2 Qb4 11. Nb3 Nd7 12. O-O Bxc3 13. Bxc6 Qxa4 14. Bxa4 Bxb2 15. Bxd7 Bxd7 16. Rab1 Bg7 17. Nxc5 Bh3 18. Rfd1 b6 19. Na6 Rfd8 20. c5 Rxd1+ 21. Rxd1 bxc5 22.
Bxc5 Bf6 23. Rb1 h5 24. f3 Rc8 25. Rb8 Rxb8 26. Nxb8 a5 27. Nc6 a4 28. Bxe7 Bc3 29.
Bb4 Bf6 30. a3 Be6 31. e4 Bc4 32. e5 Bg7 33. f4 Bb5 34. Nd4 Bd7 35. Kf2 g5 36. Ke3 h4 37. Ke4 hxg3 38. hxg3 gxf4 39. gxf4 Bh3 40. Nf5 1-0

[Event "*** Titled Tuesday Blitz"]
[Site "Chess.com"]
[Date "2020.12.01"]
[Round "7"]
[White "Chessbard1972"]
[Black "26andrej26"]
[Result "0-1"]
[WhiteElo "2378"]
[BlackElo "2496"]
[TimeControl "180+1"]
[EndTime "11:16:22 PST"]
[Termination "26andrej26 won by checkmate"]

1. e4 c5 2. Nf3 d6 3. d4 cxd4 4.
Nxd4 Nf6 5. Nc3 a6 6. Be2 e5 7.
Nb3 Be7 8. Be3 Be6 9. f3 h5 10.
Qd2 Nbd7 11. O-O-O Rc8 12. Kb1 b5 13. Nd5 Bxd5 14.
exd5 Nb6 15. Bxb6 Qxb6 16. Bd3 O-O 17. Bf5 Rc4 18. g4 hxg4 19. fxg4 g6 20. g5 Nh7 21. Bd3 Bxg5 22. Qg2 Rh4 23. Nd2 Bxd2 24. Qxd2 Qd4 25. Qe2 Qg4 26. Qe3 Qf4 27. Qb6 e4 28. Rhf1 Qxh2 29.
Rf2 Qe5 30. Be2 e3 31. Rg2 Rb4 32. b3 Nf6 33. Bd3 Nxd5 34. Qxa6 Nc3+ 35. Kc1 e2 36. Re1 Qe3+ 37. Kb2 Nd1+ 38. Ka3 Qc5 39. Rgxe2 Ra4# 0-1

[Event "*** Titled Tuesday Blitz"]
[Site "Chess.com"]
[Date "2020.12.01"]
[Round "7"]
[White "pavelalexandru07"]
[Black "Soltan49"]
[Result "1-0"]
[WhiteElo "2351"]
[BlackElo "2213"]
[TimeControl "180+1"]
[EndTime "11:16:22 PST"]
[Termination "pavelalexandru07 won by resignation"]

1. e4 c6 2. d4 d5 3. e5 c5 4. dxc5 Nc6 5. f4 e6 6. Be3 Qa5+ 7. c3 Nge7 8. b4 Qc7 9. Nf3 h5 10. Nd4 a6 11. Bd3 g6 12. O-O Bg7 13. Nd2 Bd7 14.
N2f3 h4 15. a4 h3 16. g3 Nf5 17. Bf2 Nce7 18. Qe2 a5 19. b5 O-O 20. Rac1 Rac8 21. Nxf5 exf5 22. c4 Be6 23. Nd4 Rfd8 24. Nxe6 fxe6 25. cxd5 exd5 26. Bd4 Re8 27. g4 fxg4 28.
Qxg4 Rf8 29. Qe6+ Kh7 30. Qxh3+ Kg8 31. Qe6+ Kh7 32. Rf3 Nf5 33. Rh3+ Bh6 34. Bxf5 Rxf5 35. Kh1 Rcf8 36. Rg1 Qg7 37. Rhg3 Bxf4 38. Rxg6 Qf7 39. Qxf7+ R8xf7 40. e6 Re7 41. Rg7+ Rxg7 42. Rxg7+ Kh6 43. e7 Bd2 44. e8=Q Rf1+ 45. Kg2 1-0

[Event "*** Titled Tuesday Blitz"]
[Site "Chess.com"]
[Date "2020.12.01"]
[Round "7"]
[White "ArjunErigaisi2003"]
[Black "daro94"]
[Result "1-0"]
[WhiteElo "2941"]
[BlackElo "2864"]
[TimeControl "180+1"]
[EndTime "11:16:23 PST"]
[Termination "ArjunErigaisi2003 won by checkmate"]

1. e4 c5 2. Nf3 Nc6 3. d4 cxd4 4.
Nxd4 e5 5. Nb5 d6 6. c4 g6 7.
N1c3 a6 8. Na3 Bg7 9. Nc2 Be6 10. Be2 Rc8 11. Be3 f5 12. exf5 gxf5 13. Nd5 Nf6 14. Bh5+ Kf8 15. Bg5 Bxd5 16. cxd5 Ne7 17. Bxf6 Bxf6 18.
O-O Rg8 19. Kh1 Qa5 20. Ne3 Bg5 21. Nxf5 Nxf5 22. Qg4 Ne7 23. f4 Bxf4 24. Qe6 Kg7 25. Qxe7+ Kh8 26. Qxd6 Qd2 27. Bf3 Rg6 28. Qd7 Rcg8 29.
Rad1 Qc2 30. Rg1 Rh6 31. h3 Rg3 32. Qd8+ Rg8 33. Qd7 Rg3 34. Bg4 Qf2 35. d6 Re3 36. Qe8+ Kg7 37. Qe7+ Kg6 38. Qe6+ Kg7 39. Qe7+ Kg6 40.
d7 Qg3 41. Rd6# 1-0

[Event "*** Titled Tuesday Blitz"]
[Site "Chess.com"]
[Date "2020.12.01"]
[Round "7"]
[White "Morshynska"]
[Black "PowerThinking2650"]
[Result "1/2-1/2"]
[WhiteElo "2269"]
[BlackElo "2433"]
[TimeControl "180+1"]
[EndTime "11:16:23 PST"]
[Termination "Game drawn - insufficient material"]

1. Nf3 Nf6 2. g3 g6 3. Bg2 Bg7 4. O-O O-O 5. d4 d6 6. b3 c5 7. Bb2 cxd4 8. Nxd4 d5 9. Nf3 Nc6 10.
Ne5 Bf5 11. c4 Nxe5 12. Bxe5 dxc4 13. Bxb7 cxb3 14. axb3 Qxd1 15. Rxd1 Rad8 16. Nc3 Rxd1+ 17. Nxd1 Rd8 18. Ne3 Bh3 19. Rxa7 Ng4 20. Bxg7 Nxe3 21. Ra8 Rxa8 22. Bxa8 Kxg7 23. fxe3 Kf6 24. Kf2 Ke5 25.
Ke1 Kd6 26. Kd2 Bf1 27. Bf3 f5 28. e4 e5 29. exf5 gxf5 30. e4 fxe4 31. Bxe4 h6 32.
Ke3 Kc5 33. Bg6 Bg2 34. Bf7 Bc6 35. g4 Kd6 36. h4 Bd7 37. g5 hxg5 38. hxg5 Ke7 39.
Bd5 Bf5 40. b4 Kf8 41. b5 Bd7 42. Bc6 Bc8 43. b6 Kg7 44. b7 Bxb7 45. Bxb7 Kg6 46. Ke4 Kxg5 47. Kxe5 1/2-1/2

[Event "*** Titled Tuesday Blitz"]
[Site "Chess.com"]
[Date "2020.12.01"]
[Round "7"]
[White "Sergienko_Sergey"]
[Black "Sanyura"]
[Result "0-1"]
[WhiteElo "2357"]
[BlackElo "2529"]
[TimeControl "180+1"]
[EndTime "11:16:25 PST"]
[Termination "Sanyura won on time"]

1. e4 c5 2. Nf3 e6 3. d3 d5 4. Qe2 Nf6 5. g3 Nc6 6. Bg2 g6 7. O-O Bg7 8. Re1 h6 9. Nbd2 b6 10. Nf1 Ba6 11. exd5 Nxd5 12. Ne3 Nxe3 13. fxe3 O-O 14.
Rb1 Nb4 15. a3 Nxc2 16. Rd1 c4 17. dxc4 Bxc4 18. Qxc2 Qc8 19. b3 Bd5 20. Qxc8 Rfxc8 21. Nd4 Bxg2 22. Kxg2 e5 23. Nb5 a6 24. Nd6 Rc2+ 25. Rd2 Rxd2+ 26. Bxd2 Rd8 27. Nc4 b5 28. Ba5 Rd3 29. Nb6 Rxe3 30. a4 e4 31. axb5 axb5 32. b4 Bd4 33. Rd1 Be5 34. Nd5 Re2+ 35. Kg1 f5 36. Bc7 Bb2 37. Bb6 g5 38. Bc5 Kf7 39. Nb6 f4 40. g4 f3 41. Rd7+ Ke6 42. Rd6+ Ke5 43. Nd7+ Kf4 0-1

[Event "*** Titled Tuesday Blitz"]
[Site "Chess.com"]
[Date "2020.12.01"]
[Round "7"]
[White "Gerodot71"]
[Black "lucachess49"]
[Result "0-1"]
[WhiteElo "2467"]
[BlackElo "2370"]
[TimeControl "180+1"]
[EndTime "11:16:25 PST"]
[Termination "lucachess49 won by checkmate"]

1. d4 Nf6 2. c4 e6 3. Nf3 a6 4.
Nc3 d5 5. cxd5 exd5 6. Bg5 Be6 7. e3 Nbd7 8. Bd3 Bd6 9. O-O c6 10. Rc1 Qc7 11. Bh4 O-O 12. Bg3 Rfe8 13. Bb1 g6 14.
Qb3 Rac8 15. Rfd1 b5 16. Ne2 Ne4 17. Bxd6 Qxd6 18. Ng3 Bg4 19. Re1 f5 20. Qd3 Bxf3 21.
gxf3 Ng5 22. Kg2 f4 23. Ne2 fxe3 24. fxe3 Re7 25. Ng3 Rce8 26. e4 dxe4 27. fxe4 Ne6 28. Qb3 Kg7 29. d5 cxd5 30. Kg1 Nd4 31. Qc3 Ne5 32.
Qxd4 Qf6 33. Qf2 Nf3+ 34. Kg2 Nxe1+ 35. Rxe1 Qxf2+ 36. Kxf2 dxe4 37. Rxe4 Rf7+ 38. Kg2 Ref8 39. Re2 h5 40. Bc2 h4 41. Ne4 Kh6 42. Bb3 Rf4 43.
Nc5 Kh5 44. Bd1 Rg4+ 45. Kh3 Rf3# 0-1

[Event "*** Titled Tuesday Blitz"]
[Site "Chess.com"]
[Date "2020.12.01"]
[Round "7"]
[White "ybruned"]
[Black "salomez"]
[Result "1/2-1/2"]
[WhiteElo "2277"]
[BlackElo "2137"]
[TimeControl "180+1"]
[EndTime "11:16:25 PST"]
[Termination "Game drawn by repetition"]

1. e4 c5 2. Nf3 e6 3. d4 cxd4 4. Nxd4 Nf6 5. Nc3 Nc6 6. Ndb5 d6 7. Bf4 e5 8. Bg5 a6 9. Na3 b5 10. Nd5 Be7 11. Bxf6 Bxf6 12. c3 O-O 13. Nc2 Bg5 14.
a4 bxa4 15. Rxa4 g6 16. Bc4 Na5 17. Bd3 Nb3 18. O-O Nc5 19. Ra3 Nxd3 20. Qxd3 a5 21. Nce3 Ba6 22. c4 f5 23. b3 fxe4 24. Qxe4 Kg7 25.
Rfa1 Bb7 26. Qc2 Bxe3 27. Nxe3 Qb6 28. Qd2 Rf4 29. Rxa5 Raf8 30. Rb5 Qc6 31. Nd5 Rg4 32. Ra7 Rf7 33. Rb6 Rd4 34. Qe1 Qc5 35. Rbxb7 Qxa7 36. Rxa7 Rxa7 37. h3 Ra2 38. Qe3 Ra1+ 39. Kh2 Ra2 40. Qg3 Rdd2 41. f3 Rab2 42. Qg5 Rdc2 43. Qe7+ Kh6 44.
Qh4+ Kg7 45. Qf6+ Kh6 46. Qh4+ Kg7 47. Qf6+ Kh6 48. Qh4+ 1/2-1/2

[Event "*** Titled Tuesday Blitz"]
[Site "Chess.com"]
[Date "2020.12.01"]
[Round "7"]
[White "bascheyaro"]
[Black "davidkalashian"]
[Result "0-1"]
[WhiteElo "2732"]
[BlackElo "2574"]
[TimeControl "180+1"]
[EndTime "11:16:26 PST"]
[Termination "davidkalashian won by resignation"]

1. d4 Nf6 2. Nc3 d5 3. Bf4 c6 4. e3 e6 5. Nf3 Be7 6. Bd3 Nh5 7.
Be5 Nd7 8. O-O Nxe5 9. Nxe5 Nf6 10. Qf3 O-O 11. Rfd1 Nd7 12. Nxd7 Bxd7 13. e4 dxe4 14. Nxe4 Qc7 15. Qh5 h6 16. c3 Rad8 17. Re1 f5 18. Nd2 c5 19. Bc4 cxd4 20. Qe2 dxc3 21. bxc3 Kh8 22.
Bxe6 Bxe6 23. Qxe6 Bf6 24. Nf3 Qxc3 25. Rac1 Qa5 26.
g3 Rfe8 27. Qxe8+ Rxe8 28. Rxe8+ Kh7 29. Re2 Qa3 30. Rc7 Qxf3 31. Re1 Qd5 32. Rec1 a5 33.
R7c2 b5 34. Rc5 Qd3 35. a3 Qxa3 36. R1c2 Qd3 37. Rc1 a4 38. Rb1 Qxb1+ 39. Rc1 Qe4 40. Rb1 Qxb1+ 0-1

[Event "*** Titled Tuesday Blitz"]
[Site "Chess.com"]
[Date "2020.12.01"]
[Round "7"]
[White "Yashasd1995"]
[Black "Zhigalko_Sergei"]
[Result "0-1"]
[WhiteElo "2601"]
[BlackElo "2867"]
[TimeControl "180+1"]
[EndTime "11:16:26 PST"]
[Termination "Zhigalko_Sergei won by resignation"]

1. b3 e5 2. Bb2 d6 3. c4 Nf6 4. Nc3 Be7 5. g3 O-O 6. Bg2 c6 7. Nf3 h6 8. O-O Bf5 9. d3 Nbd7 10. Nd2 Bh7 11. b4 Rc8 12. b5 Nc5 13. a4 d5 14.
Ba3 Re8 15. Rc1 d4 16. Bxc5 Bxc5 17. Nce4 Nxe4 18. dxe4 Bb4 19. Nb3 Bc3 20. Qd3 Qe7 21. Bh3 Rc7 22. Rc2 Qb4 23. Rb1 cxb5 24. cxb5 Qxa4 25.
Bd7 Rd8 26. Bc6 bxc6 27. Rxc3 Bxe4 28. Qxe4 Qxb5 29. Nxd4 Rxd4 30. Qc2 Qa6 31. Rb8+ Rc8 32. Rxc8+ Qxc8 33. Rxc6 Qe8 34. Rc7 Rd7 35. Rc8 Rd8 36. Rc7 Ra8 37. Qb3 a5 38. Qa3 a4 39. Re7 Qf8 40. Qd6 a3 0-1

[Event "*** Titled Tuesday Blitz"]
[Site "Chess.com"]
[Date "2020.12.01"]
[Round "7"]
[White "Pogosian_Manvel"]
[Black "Abdimalik_Abdisalimov"]
[Result "1-0"]
[WhiteElo "2397"]
[BlackElo "2682"]
[TimeControl "180+1"]
[EndTime "11:16:26 PST"]
[Termination "Pogosian_Manvel won on time"]

1. Nf3 Nf6 2. d4 e6 3. c4 d5 4. Nc3 Be7 5. Bg5 O-O 6. e3 b6 7. Bd3 Bb7 8. O-O c5 9. cxd5 exd5 10. Ne5 Ne4 11. Bxe7 Qxe7 12. Nxe4 dxe4 13. Bc4 Nc6 14.
Nxc6 Bxc6 15. dxc5 Qxc5 16. Rc1 Rfd8 17. Qb3 Qe7 18.
Bxf7+ Qxf7 19. Qxf7+ Kxf7 20. Rxc6 Rd2 21. Rb1 Rad8 22.
g4 R8d7 23. Rc4 Re7 24. a4 Kf6 25. Kg2 Kg5 26. Kg3 g6 27. h4+ Kf6 28. b4 Ra2 29. b5 h5 30. Rbb4 hxg4 31. Rxe4 Rxe4 32. Rxe4 g5 33. hxg5+ Kxg5 34. Rxg4+ Kf5 35. Rd4 Ke5 36. f4+ Kf5 37. Kf3 Ra3 38. Rd5+ Ke6 39. Re5+ Kf6 40. Re4 Kf5 41. Rd4 Kf6 42. Ke4 Ke6 43. f5+ Kf6 44.
Kf4 Ra1 45. Rd6+ Ke7 46. Re6+ Kf7 47. e4 Rxa4 48. Rc6 Ra1 49. Rc7+ 1-0

[Event "*** Titled Tuesday Blitz"]
[Site "Chess.com"]
[Date "2020.12.01"]
[Round "7"]
[White "jefferyx"]
[Black "Vincent_Vega95"]
[Result "1-0"]
[WhiteElo "2922"]
[BlackElo "2764"]
[TimeControl "180+1"]
[EndTime "11:16:27 PST"]
[Termination "jefferyx won by resignation"]

1. d4 Nf6 2. c4 g6 3. Nc3 Bg7 4. e4 O-O 5. Be2 d6 6. Be3 Na6 7. Nf3 e5 8. d5 Ng4 9. Bg5 f6 10.
Bh4 h5 11. Nd2 Nh6 12. f3 Nf7 13. a3 c5 14. dxc6 bxc6 15. b4 Nc7 16. Nb3 Bh6 17.
O-O Be6 18. Kh1 Bg5 19. Bf2 h4 20. Qd3 Qd7 21. Rad1 Rfd8 22. Na5 d5 23. Nxc6 dxc4 24. Qxd7 Rxd7 25. Rxd7 Bxd7 26. Nxa7 Bd2 27. Rd1 Bxc3 28. Rxd7 Rd8 29. Rxd8+ Nxd8 30. Bxc4+ Kf8 31. Bb6 Nde6 32.
Nc6 Ke8 33. a4 Kd7 34. b5 Na8 35. Bf2 Nd4 36. Bxh4 g5 37. Bf2 Nb6 38. Nxd4 exd4 39. Bb3 Kc7 40. Kg1 Nd7 41. a5 Nc5 42. Bc4 Kd6 43. a6 Kc7 44. Kf1 Kb6 45. Ke2 Na4 46. g3 Nb2 47. Bd3 Na4 48. h4 gxh4 49. gxh4 Nc5 50. h5 Ne6 51. Bg3 1-0